[Event "SixDays Budapest GM-C 10-2024"]
[Site "Budapest"]
[Date "2024.09.30"]
[Round "1.1"]
[White "Kotronias, Vasilios"]
[Black "Pap, Gyula"]
[Result "0-1"]
[ECO "C42"]
[WhiteElo "2458"]
[BlackElo "2476"]
[Annotator "TA"]
[PlyCount "114"]
[EventDate "2024.09.24"]
[EventType "tourn"]
[EventCountry "HUN"]
[SourceTitle "playchess.com"]
[Source "ChessBase"]
[SourceQuality "1"]
[TimeControl "5400+30"]

1. e4 e5 2. Nf3 Nf6 3. Nxe5 d6 4. Nf3 Nxe4 5. d4 d5 6. Bd3 Bf5 7. O-O Be7 8. Re1 O-O 9. c4 Nc6 10. Nc3 {[%emt 0:04:27] C42: Petroff Verdediging: 3 Pxe5 en ongebruikelijke Wit 3e zetten.} (10. cxd5 $5 {lijkt wild.} Qxd5 11. Nc3 Nxc3 12. bxc3 Rae8 13. Bf4) 10... Nxc3 {[%emt 0:05:38] OK} 11. bxc3 Bxd3 {[%emt 0:07:31] OK} 12. Qxd3 {[%emt 0:00:05] Wit staat iets beter.} dxc4 {[%emt 0:04:18] OK} 13. Qxc4 Bd6 {[%emt 0:00:45] 13...Qd7 verdwijnt.} 14. Rb1 Qf6 15. Qd3 $146 {[%emt 0:00:40] Fout (0.5)} (15. Rxb7 Na5 16. Qd5 Nxb7 17. Qxb7 Qg6 $15) (15. Qd5 $16) ({Predecessor:} 15. Bg5 Qg6 16. Rb5 a6 17. Rb2 h6 18. Bh4 Rae8 19. Rbe2 b5 20. Qd5 Rxe2 21. Rxe2 {½-½ Renner,C (2398)-Vidonyak,R (2417) BL2-Sued 0405 2004 (4.3)}) 15... b6 $11 {[%emt 0:03:04] OK} 16. Rb2 {[%emt 0:04:00] is hier passender. Fout (0.5)} (16. Qa6 $14) 16... Qg6 {[%emt 0:08:46] OK} 17. Qd1 {[%emt 0:01:02] OK} (17. Qxg6 $5 {vereenvoudigt} hxg6 18. Rbe2 f6 19. h4) 17... Rae8 {[%emt 0:05:34] OK} 18. Rbe2 {[%emt 0:00:44] OK} Rxe2 {[%emt 0:01:06] OK} 19. Qxe2 Qh5 {[%emt 0:06:48] Tegen Nh4. Onnauwkeurig} 20. a4 {[%emt 0:16:13] Onnauwkeurig} h6 {[%emt 0:07:44] Onnauwkeurig} 21. h3 {[%emt 0:02:04] Onnauwkeurig} Rd8 {[%emt 0:04:35] Onnauwkeurig} 22. Qc4 {[%emt 0:03:01] Fout (0.5)} (22. Qe4 $14 Qg6 23. Qxg6 (23. Qxc6 $2 {vergaat.} Bh2+ 24. Nxh2 Qxc6 $19) 23... fxg6 24. Kf1) 22... Na5 {[%emt 0:02:06] OK} 23. Qa2 Qf5 24. Ba3 Qd7 25. Bxd6 {[%emt 0:02:41] OK} cxd6 26. Re3 Re8 27. Rxe8+ {[%emt 0:02:40] OK} Qxe8 {[%emt 0:00:05][%mdl 4096] Eindspel. KQN-KQN} 28. Qd5 {[%emt 0:00:09] Beste (Gemakkelijk)} Qc6 {[%emt 0:10:48] OK} 29. Qxc6 {[%emt 0:00:18] OK} Nxc6 {[%emt 0:00:02] KN-KN} 30. c4 {[%emt 0:04:32] [#] Houdt de partij in balans. Fout (0.8)} (30. Kf1 $11) 30... Kf8 {Fout (0.8)} (30... Nb4 $1 $17 {Hoopt vervolgens op ...Na2.} 31. Nd2 Kf8) 31. Kf1 {[%emt 0:00:02] OK} Na5 32. Nd2 {[%emt 0:02:41] OK} Ke7 {[%cal Od6d5] OK} 33. Ke2 {OK} d5 34. cxd5 {[%emt 0:00:35] Onnauwkeurig} Kd6 {Beste (Gemakkelijk)} 35. Ne4+ Kxd5 {[%emt 0:00:11] Beste (Gemakkelijk)} 36. Kd3 {[%emt 0:00:32] OK} a6 {[%emt 0:00:45] Onnauwkeurig} 37. g4 {[%emt 0:02:03] OK} b5 38. axb5 {[%emt 0:07:13] OK} axb5 39. Nc3+ Kc6 {[%emt 0:00:07] Beste (Gemakkelijk)} 40. Na2 Kd6 41. Nb4 {[%emt 0:00:09] Onnauwkeurig} Nc6 {[%emt 0:00:36] OK} 42. Nc2 {[%emt 0:00:22] OK} Ne7 $1 {[%emt 0:00:35] Sterk} 43. Ke4 Nd5 {[%emt 0:01:15] OK} 44. Na3 {[%emt 0:00:12] Beste} Kc6 {[%emt 0:00:11] OK} 45. f4 {[%emt 0:01:09] OK} Nc3+ {[%emt 0:01:08] voelt sterker. Fout (0.8)} (45... Nb6 $17 46. Nc2 Nd5) {Beter is} 46. Kd3 {[%emt 0:00:06] Fout (0.6)} (46. Ke5 $11) 46... Nd5 $15 {[%emt 0:00:03] OK} 47. Ke4 {[%emt 0:00:03] OK} Nc3+ {[%emt 0:02:07] Fout (0.5)} (47... Nf6+ $15 48. Ke5 Nd7+ 49. Ke4 Nb6) 48. Kd3 $11 {[%emt 0:00:06] OK} Nd1 49. Ke2 {[%emt 0:03:38] Tegen Nf2. OK} Nb2 {[%emt 0:00:02] Onnauwkeurig} 50. Nc2 {[%emt 0:00:31] Verzekert evenwicht. Fout (0.7)} (50. d5+ $1 $11 Kxd5 (50... Kc5 51. d6 $11) 51. Nxb5) 50... Kd5 $17 {[%emt 0:00:27] OK} 51. Ne3+ $2 {[%emt 0:01:19] Kan gunstiger zijn. Wit heeft geen hoop meer. Verliest partij (2.4)} (51. Ke3 $17) 51... Kxd4 $19 {[%emt 0:00:37] Beste (Gemakkelijk)} 52. Nf5+ {[%emt 0:00:04] [#]} Kc3 $1 {[%emt 0:00:38] Sterk} (52... Ke4 53. Nd6+ Kxf4 54. Nxb5 $15) 53. Nxg7 $2 {[%emt 0:01:27] Fout (9.8)} (53. g5 b4 (53... hxg5 $2 54. fxg5 b4 55. Nd6 $19) 54. Ne3) 53... b4 {[%emt 0:00:05] Beste. Zwart is duidelijk aan het winnen.} 54. Nf5 {[%emt 0:00:18] OK} Nc4 {[%emt 0:00:51] Dreigt te winnen met ...b3.} ({Zwakker is} 54... Nd3 55. Kf3 $17) 55. Ne7 b3 56. Nd5+ Kd4 {[%emt 0:00:24][%cal Ob3b2] ( -> ...b2!)} 57. Nc7 Na3 {[%emt 0:00:34] Blunder waarde: Wit=0.44/Zwart=0.11 (erg precies) .  Verliest partij:   	Wit=1      	---        Fout:        	Wit=7      	Zwart=3      Onnauwkeurig:    	Wit=4      	Zwart=5      OK:         	Wit=17     	Zwart=15     Beste:        	Wit=2      	Zwart=5      Sterk:        	---       	Zwart=2} 0-1

[Event "SixDays Budapest GM-C 10-2024"]
[Site "Budapest"]
[Date "2024.09.30"]
[Round "1.2"]
[White "Chen, Yining"]
[Black "Pacher, Milan"]
[Result "1/2-1/2"]
[ECO "D27"]
[WhiteElo "2252"]
[BlackElo "2343"]
[Annotator "RC"]
[PlyCount "34"]
[EventDate "2024.09.24"]
[EventType "tourn"]
[EventCountry "HUN"]
[SourceTitle "playchess.com"]
[Source "ChessBase"]
[SourceQuality "1"]
[TimeControl "5400+30"]

1. d4 d5 2. c4 dxc4 3. e3 Nf6 4. Bxc4 e6 5. Nf3 c5 6. O-O a6 7. Nbd2 Nc6 8. dxc5 Bxc5 9. a3 b5 10. Be2 Bb7 11. b4 Bb6 12. Bb2 O-O 13. Qb1 Ne7 14. Bd3 Ng6 15. Ne4 Nxe4 16. Bxe4 Qe7 17. Rd1 Rfd8 1/2-1/2

[Event "SixDays Budapest GM-C 10-2024"]
[Site "Budapest"]
[Date "2024.09.30"]
[Round "1.3"]
[White "Mamatov, Melis"]
[Black "Mohammad Fahad, Rahman"]
[Result "1/2-1/2"]
[ECO "B31"]
[WhiteElo "2362"]
[BlackElo "2419"]
[Annotator "TA"]
[PlyCount "96"]
[EventDate "2024.09.24"]
[EventType "tourn"]
[EventCountry "HUN"]
[SourceTitle "playchess.com"]
[Source "ChessBase"]
[SourceQuality "1"]
[TimeControl "5400+30"]

1. e4 c5 2. Nf3 Nc6 3. Bb5 g6 4. Bxc6 bxc6 5. O-O Bg7 6. Re1 Nh6 7. c3 O-O 8. h3 d5 9. d3 Ba6 (9... c4 $1 $11) 10. Na3 {[%emt 0:06:22][%cal Bb1a3,Ba3c4,Bc4e5][%mdl 32] White is better.} dxe4 (10... Qb6 $14) 11. dxe4 $16 Qb6 12. Qa4 Rfd8 13. Be3 Bd3 14. Nc4 Qb5 15. Qxb5 cxb5 16. Nce5 c4 17. a4 b4 (17... bxa4 $16 18. Rxa4 f5 19. Bxh6 (19. Nxc4 fxe4 20. Ng5 Nf5 $14) 19... Bxh6) 18. cxb4 $18 Kf8 19. Rac1 (19. Nc6 $18) 19... Bxe4 $16 20. Rxc4 Bxf3 21. Nxf3 {[%emt 0:06:29] Hoping for Rc7.} Nf5 22. Rc7 Nxe3 23. Rxe3 Bf6 24. b5 Rdc8 25. Rb7 {[%emt 0:00:35] White has more active pieces.} Rc1+ 26. Kh2 Rc2 27. Ne5 Kg7 28. b3 Rxf2 29. Ng4 (29. Nc6 $16) 29... Bg5 $1 $14 30. Rexe7 Rf1 31. Re2 (31. Rxa7 Rxa7 32. Rxa7 h5 $11) 31... Rd8 ({Black should play} 31... h5 $1 $14 32. Rf2 Rxf2 33. Nxf2 Rd8) 32. Nf2 (32. Rxa7 $6 h5 33. h4 Bxh4 $11) (32. g3 $16) 32... h5 33. g3 {[%emt 0:00:41][%cal Of2e4] Threatens to win with Ne4!} (33. Rxa7 Bf6 34. Rb7 Bd4 $11) 33... Rd5 (33... Rb1 $16) 34. Kg2 (34. Rxa7 $6 Be3 35. Rxe3 Rxf2+ 36. Kg1 Rdd2 $11) (34. h4 $18 Bd8 35. Nh3 (35. Rxa7 Bb6 $17)) 34... Rb1 $16 35. Ne4 {[%emt 0:01:36] aiming for Nc3.} Re5 36. h4 $1 (36. Rxa7 Rxb3 37. Rd7 Ra3 $11) 36... Bd8 37. Rxa7 Rxb3 {[%emt 0:00:08] [#]} ({Black should try} 37... Bb6 38. Ra6 Bc5) 38. Rf2 $1 $36 {[%emt 0:02:10][%mdl 2048] Keeping Black busy.} Be7 $2 {[%emt 0:03:05] [#]} (38... Rxe4 $2 {perishes.} 39. Rfxf7+ Kg8 40. Rfd7 $18) (38... Re7 {might work better.} 39. Rxe7 Bxe7) 39. Ng5 $1 f6 40. Nf3 Ree3 41. Rc7 $2 (41. Nd2 $18 Rb4 (41... Rxg3+ $2 {loses.} 42. Kf1 $18) 42. b6) 41... Kh6 $14 42. Rcc2 (42. Rd7 $14 {should be considered.}) 42... Bb4 43. Rc6 f5 {[%emt 0:01:10] [#]} (43... Kg7 $11 {keeps the balance.}) 44. Rc7 $1 $16 {[%emt 0:00:32] Black must now prevent b6.} Bd6 (44... Bc3 $16) 45. Rc6 (45. Rf7 $18 {has better winning chances.}) 45... Bb4 $1 46. Rc7 (46. Nd4 $16 Rxg3+ 47. Kh2 Rh3+ 48. Kg1) 46... Bd6 $18 47. Rd7 Bc5 48. Rc7 (48. Rb7 $16) 48... Bd6 $1 {Weighted Error Value: White=0.42/Black=0.27 (precise) .  Missed win:     	White=2     	---        Mistake:       	White=7     	Black=9      Inaccurate:     	White=3     	Black=4      OK:         	White=13    	Black=13     Best:        	White=3     	Black=4      Strong:       	White=3     	Black=3} 1/2-1/2

[Event "SixDays Budapest GM-C 10-2024"]
[Site "Budapest"]
[Date "2024.09.30"]
[Round "1.4"]
[White "Susilodinata, Andrean"]
[Black "Borgaonkar Akshay"]
[Result "1-0"]
[ECO "B40"]
[WhiteElo "2393"]
[BlackElo "2415"]
[Annotator "RC"]
[PlyCount "95"]
[EventDate "2024.09.24"]
[EventType "tourn"]
[EventCountry "HUN"]
[SourceTitle "playchess.com"]
[Source "ChessBase"]
[SourceQuality "1"]
[TimeControl "5400+30"]

1. e4 c5 2. Nf3 e6 3. c3 Nf6 4. e5 Nd5 5. d4 cxd4 6. cxd4 d6 7. Bc4 Be7 8. O-O O-O 9. Qe2 b6 10. Rd1 Bb7 11. Bxd5 exd5 12. Nc3 Na6 13. Nb5 dxe5 14. dxe5 Nc5 15. Nfd4 Qd7 16. b4 a6 17. Nc3 Ne4 18. Nxe4 dxe4 19. b5 axb5 20. Nxb5 Qf5 21. Be3 Qxe5 22. Bxb6 Ra6 23. Bd4 Qf5 24. Be3 Rg6 25. Kh1 Qe5 26. a4 Bc8 27. Bd4 Qf4 28. Qe3 Qh4 29. Be5 Bg5 30. Qg3 Qh5 31. Qc3 Rh6 32. Qg3 f5 33. f4 Bf6 34. Bxf6 Rhxf6 35. Qe3 Ba6 36. Rd7 h6 37. Nc7 Kh7 38. Nd5 Rg6 39. h3 Be2 40. Kh2 Rb8 41. Rxg7+ Kxg7 42. Qa7+ Kf8 43. Qxb8+ Kf7 44. Qc7+ Ke6 45. Qc6+ Kf7 46. Qd7+ Kf8 47. Qe7+ Kg8 48. Nf6+ 1-0

[Event "SixDays Budapest GM-C 10-2024"]
[Site "Budapest"]
[Date "2024.09.30"]
[Round "1.5"]
[White "Laddha, Shubh Jayesh"]
[Black "Srihari L R"]
[Result "0-1"]
[ECO "C79"]
[WhiteElo "2308"]
[BlackElo "2503"]
[Annotator "RC"]
[PlyCount "102"]
[EventDate "2024.09.24"]
[EventType "tourn"]
[EventCountry "HUN"]
[SourceTitle "playchess.com"]
[Source "ChessBase"]
[SourceQuality "1"]
[TimeControl "5400+30"]

1. e4 e5 2. Nf3 Nc6 3. Bb5 a6 4. Ba4 Nf6 5. O-O d6 6. c3 Bd7 7. d4 Nxe4 8. Re1 Nf6 9. Bxc6 Bxc6 10. dxe5 dxe5 11. Qxd8+ Kxd8 12. Nxe5 Bd5 13. Bg5 Be6 14. Nd2 Bd6 15. Ndc4 Be7 16. Na5 Rb8 17. Rad1+ Ke8 18. f4 Nd5 19. f5 Bxg5 20. fxe6 fxe6 21. Nf3 Be7 22. Rxe6 Kf7 23. Re5 c6 24. c4 Nb6 25. Ng5+ Bxg5 26. Rxg5 Rhe8 27. Rf5+ Kg8 28. Rf3 Na4 29. b3 Nc5 30. Rf5 Ne4 31. Rd7 Rbd8 32. Re5 Nf6 33. Rxe8+ Rxe8 34. Rxb7 Ng4 35. g3 Re2 36. Nxc6 Rxa2 37. c5 Ne3 38. Ne5 h5 39. c6 Rg2+ 40. Kh1 Rf2 41. Rf7 Rc2 42. h4 Rc1+ 43. Kh2 Ng4+ 44. Nxg4 Kxf7 45. Ne5+ Ke7 46. Ng6+ Kf7 47. Ne5+ Ke6 48. Nd3 Rxc6 49. Nf4+ Kf7 50. b4 Rd6 51. Nxh5 Rb6 0-1